 Dungeon Crawl Stone Soup version 0.15-a0-1253-g15b4f57 (webtiles) character file.

103 Quh the Grave Robber (level 4, -4/32 HPs)
             Began as a Vampire Necromancer on June 4, 2014.
             Killed from afar by an orc wizard (8 damage)
             ... with a magic dart
             ... on Level 3 of the Dungeon.
             The game lasted 00:11:06 (3259 turns).

Quh the Grave Robber (Vampire Necromancer)          Turns: 3259, Time: 00:11:06

HP  -4/32        AC  2     Str  7      XL: 4   Next: 51%
MP   1/8         EV 13     Int 18      God:
Gold 117         SH  0     Dex 14      Spells:  2 memorised,  5 levels left

rFire  . . .     SeeInvis +     r - +0,+1 dagger (venom)
rCold  + . .     Clarity  .     j - +0 robe
rNeg   + + .     rCorr    .     (no shield)
rPois  +         rRot     +     (no helmet)
rElec  .         Spirit   .     (no cloak)
SustAb .         Warding  .     (no gloves)
rMut   .         Stasis   .     (no boots)
Gourm  .                        (no amulet)
MR     .....                    (no ring)
                                (no ring)

@: very slightly contaminated, regenerating slowly, not resistant to hostile
enchantments, fairly stealthy
A: fangs 3, see invisible, unbreathing
a: Bat Form


You were on level 3 of the Dungeon.
You were thirsty.

You visited 1 branch of the dungeon, and saw 3 of its levels.

You collected 117 gold pieces.

Inventory:

Hand weapons
 c - a +0,+0 short sword
 l - a +0,+1 short sword of electrocution
 m - a +2,+0 dagger of venom
 r - a +0,+1 dagger of venom (weapon)
Missiles
 h - 22 stones (quivered)
Armour
 a - a +0 robe
 j - a +0 robe (worn)
 q - a +0 robe
Scrolls
 d - a scroll of enchant armour {unknown}
 e - 3 scrolls of teleportation {unknown}
 f - a scroll of remove curse {unknown}
 g - 2 scrolls of fear {unknown}
 i - a scroll of amnesia {unknown}
 n - a scroll of enchant weapon I {unknown}
 o - a scroll of immolation {unknown}
 p - a scroll of magic mapping {unknown}
 s - a scroll of recharging {unknown}
Potions
 k - 5 potions of curing {unknown}
Books
 b - a book of Necromancy

   Spells                             Type                      Level
   *Pain                              Necromancy                   1
   *Animate Skeleton                  Necromancy                   1
   Vampiric Draining                  Necromancy                   3
   Regeneration                       Charms/Necromancy            3
   Animate Dead                       Necromancy                   4
   Control Undead                     Necromancy                   4


   Skills:
 + Level 1.4 Fighting
 * Level 1.3 Short Blades
 + Level 3.0 Dodging
 + Level 4.0 Stealth
 + Level 2.3 Spellcasting
 * Level 4.9 Necromancy


You had 5 spell levels left.
You knew the following spells:

 Your Spells              Type           Power        Failure   Level  Hunger
a - Pain                  Necr           ###.         1%          1    #......
b - Animate Skeleton      Necr           N/A          1%          1    #......


Dungeon Overview and Level Annotations

Branches:
Dungeon (3/15)

Altars:
Elyvilon
Gozag
Nemelex Xobeh


Innate Abilities, Weirdness & Mutations

You heal slowly.
You have razor-sharp teeth.*
You have supernaturally acute eyesight.
You can survive without breathing.*


Message History

* * * LOW HITPOINT WARNING * * *
You swap places.
Your bat skeleton barely misses the orc wizard. x2
The orc wizard hits your bat skeleton with a dagger.
Your bat skeleton is destroyed!
You see here a giant newt corpse.
You swap places.
Your orc skeleton closely misses the orc wizard.
You swap places.
The orc wizard hits you with a dagger.
* * * LOW HITPOINT WARNING * * *
You see here a giant newt corpse.
Casting: Pain
Confirm with . or Enter, or press ? or * to list all spells.
Aiming: Pain
Press: ? - help, Shift-Dir - straight line, f - orc wizard
Aim: an orc wizard, wielding a dagger and wearing a robe (moderately wounded, poisoned, slightly transparent)
The orc wizard convulses in agony!
The orc wizard casts a spell at you. The magic dart hits you!
You die...

## ## .## .$ ..########
.# #...Z....## .#
#####..#..#### .#
.####.###.Z..# .#
...##..#.)##.####.######
.#......(###...Z@#.....#
#####...#####..Z#o#
#.............#.#o#
###.....#####...#.#
##..((...# ##.##.#
###)....######.....
##..............#..
##.##.##.%#####.###
##%###.......##.#


You could see an orc wizard (invisible), an orc, a friendly orc skeleton and the
friendly Terence the human skeleton.

Vanquished Creatures
  An orc wizard (D:3)
  An adder (D:2)
  A worm (D:2)
  4 giant geckos
  An orc (D:3)
  4 bats (D:2)
  4 giant cockroaches
  4 hobgoblins
  2 jackals (D:1)
  2 quokkas (D:2)
  A ball python (D:1)
  4 giant newts
  4 goblins
  4 kobolds
  7 rats (D:2)
44 creatures vanquished.

Vanquished Creatures (collateral kills)
  Terence (D:3)
  An orc (D:3)
  A bat (D:3)
  2 goblins
  A giant newt (D:2)
6 creatures vanquished.

Vanquished Creatures (others)
  2 bat skeletons
  A goblin skeleton (D:2)
  A quokka skeleton (D:2)
  A rat skeleton (D:2)
5 creatures vanquished.

Grand Total: 55 creatures vanquished

Notes
Turn   | Place    | Note
--------------------------------------------------------------
     0 | D:1      | Quh, the Vampire Necromancer, began the quest for the Orb.
     0 | D:1      | Reached XP level 1. HP: 13/13 MP: 3/3
    31 | D:1      | Learned a level 1 spell: Animate Skeleton
   950 | D:1      | Reached XP level 2. HP: 14/20 MP: 4/4
  1551 | D:2      | Reached skill level 1 in Fighting
  1896 | D:2      | Found a white marble altar of Elyvilon.
  2093 | D:2      | Reached XP level 3. HP: 26/26 MP: 6/6
  2126 | D:2      | Found an opulent altar of Gozag.
  2983 | D:3      | Found a sparkling altar of Nemelex Xobeh.
  3068 | D:3      | Noticed Terence
  3078 | D:3      | Killed Terence
  3078 | D:3      | Reached XP level 4. HP: 32/32 MP: 8/8
  3250 | D:3      | Reached skill level 1 in Short Blades
  3259 | D:3      | Killed from afar by an orc wizard

Action                   |  1- 3 |  4- 6 || total
-------------------------+-------+-------++-------
Melee: Unarmed           |    13 |       ||    13
       Short sword       |     2 |       ||     2
       Dagger            |    72 |     7 ||    79
 Cast: Pain              |    22 |     7 ||    29
       Animate Skeleton  |     6 |     1 ||     7
 Stab: Sleeping          |     6 |     1 ||     7
